 Dungeon Crawl Stone Soup version 0.29-a0-914-g906f1d757c (webtiles) character file.

Game seed: 10702388986856363476

144 Alarak the Magician (level 5, -1/28 HPs)
             Began as a Deep Elf Fire Elementalist on July 27, 2022.
             Constricted to death by Sigmund (5 damage)
             ... on level 3 of the Dungeon.
             The game lasted 00:13:18 (2173 turns).

Alarak the Magician (Deep Elf Fire Elementalist)    Turns: 2173, Time: 00:13:19

Health: -1/28      AC:  2    Str:  5    XL:     5   Next: 5%
Magic:  8/14       EV:  9    Int: 22    God:
Gold:   71         SH:  0    Dex: 15    Spells: 11/14 levels left

rFire   . . .      SeeInvis .   p - +2 dagger (venom)
rCold   . . .      Faith    .   (no shield)
rNeg    . . .      Spirit   .   a - +0 robe
rPois   .          Reflect  .   (no helmet)
rElec   .          Harm     .   (no cloak)
rCorr   .          Rampage  .   (no gloves)
Will    .....                   (no boots)
Stlth   ++........              h - amulet of magic regeneration
HPRegen 0.09/turn               (no ring)
MPRegen 0.54/turn               (no ring)

@: grasped by roots, constricted
A: no striking features
a: no special abilities


You were on level 3 of the Dungeon.
You visited 1 branch of the dungeon, and saw 3 of its levels.

You collected 71 gold pieces.

Inventory:

Hand Weapons
 c - a +0 short sword
 p - a +2 dagger of venom (weapon)
Armour
 a - a +0 robe (worn)
Jewellery
 h - an amulet of magic regeneration (around neck)
Scrolls
 e - 2 scrolls of blinking {unknown}
 f - a scroll of poison {unknown}
 g - 3 scrolls of identify {unknown}
 i - 3 scrolls of noise {unknown}
 j - 2 scrolls of silence {unknown}
 k - 2 scrolls of magic mapping {unknown}
 l - a scroll of fear {unknown}
 n - 2 scrolls of acquirement {unknown}
 q - 2 scrolls of immolation {unknown}
 r - 2 scrolls of brand weapon {unknown}
 s - a scroll of teleportation {unknown}
Potions
 b - a potion of magic
 d - a potion of haste {unknown}
 m - 2 potions of curing {unknown}
 o - 3 potions of flight {unknown}
 t - a potion of mutation {unknown}


   Skills:
 - Level 2.4 Dodging
 - Level 2.4 Stealth
 - Level 5.1 Spellcasting
 + Level 4.2 Conjurations
 - Level 3.2 Fire Magic


You had 11 spell levels left.
You knew the following spells:

 Your Spells              Type           Power      Damage    Failure   Level
a - Foxfire               Conj/Fire      88%        2x1d8     2%          1
b - Scorch                Fire           40%        2d7       4%          2

Your spell library contained the following spells:

 Spells                   Type           Power      Damage    Failure   Level
 Conjure Flame            Conj/Fire      22%        6-21      6%          3
 Necrotise                Necr           20%        1d5       10%         1
 Inner Flame              Hex/Fire       12%        N/A       16%         3
 Ignite Poison            Fire/Tmut/Pois 10%        N/A       19%         3
 Flame Wave               Conj/Fire      22%        2d7       22%         4
 Sticky Flame             Conj/Fire      22%        2d4       22%         4
 Gell's Gravitas          Tloc           5%         N/A       30%         3
 Teleport Other           Tloc           5%         N/A       30%         3
 Vampiric Draining        Necr           5%         2d6       30%         3
 Iskenderun's Battlesphe  Conj           24%        2d8       45%         5
 Agony                    Necr           5%         N/A       95%         5
 Dispersal                Tloc           2%         N/A       100%        6
 Iron Shot                Conj/Erth      7%         9d2       100%        6
 Spellforged Servitor     Conj/Summ      7%         N/A       100%        7


Dungeon Overview and Level Annotations

Branches:
Dungeon (3/15)

Altars:


Message History

You hear a zap.
The roots erupt in riotous growth!
Deactivating autopickup; reactivate with Ctrl-A.
The grasping roots grab you!
Your foxfire is unaffected. x2
You are constricted.
You hear a shout!
You conjure some foxfire!
A magic dart appears from out of thin air!
The magic dart hits you.
You are constricted.
The grasping roots release their grip on you.
You conjure some foxfire!
Something barely misses you.
Unknown command.
Your foxfire dissipates!
The foxfire hits something.
Your foxfire dissipates!
The foxfire hits something but does no damage.
Your foxfire dissipates!
The foxfire hits something.
You conjure some foxfire!
You hear a zap.
The roots erupt in riotous growth!
The grasping roots grab you!
Your foxfire is unaffected. x2
You are constricted.
You escape the roots grasp.
The foxfire hits something. x2
Something tries to affect you, but you resist.
You are too injured to fight recklessly!
Found 2 gold pieces.
You hear a zap.
The roots erupt in riotous growth!
The grasping roots grab you!
You are constricted!
* * * LOW HITPOINT WARNING * * *
You escape the roots grasp.
You hear a zap.
The roots erupt in riotous growth!
The grasping roots grab you!
You are constricted.
You die...

.# .# .#
###########.#####.##
#.........)...†....###
#.########..####.....
#.# #..####...### #.#
##.###..<..... #.#
#..........# #.#
###..###@##. #.#
#.{......# #.#
#.#..........$. #.#
#.#..######..## #.# #
#).# .# #.# #).. #.#
#)### #.# #)# ###.##
#.#


There were no monsters in sight!

Vanquished Creatures
  An orc wizard (D:3)
  A gnoll (D:2)
  2 adders
  2 adder zombies (D:2)
  An adder skeleton (D:2)
  4 orcs (D:3)
  7 bats
  A bat skeleton (D:2)
  9 endoplasms
  A giant cockroach (D:2)
  9 goblins
  8 hobgoblins
  6 jackals (D:2)
  5 kobolds (D:1)
  A quokka (D:2)
  4 ball pythons
  2 ball python zombies (D:2)
  2 frilled lizards
  A jackal zombie (D:2)
  4 rats (D:2)
71 creatures vanquished.

Vanquished Creatures (collateral kills)
  A foxfire (D:2)
1 creature vanquished.

Vanquished Creatures (others)
  263 foxfires
  A withered plant (D:2)
264 creatures vanquished.

Grand Total: 336 creatures vanquished

Notes
Turn   | Place    | Note
-------+----------+-------------------------------------------
     0 | D:1      | Alarak the Deep Elf Fire Elementalist began the quest for
                  | the Orb.
     0 | D:1      | Reached XP level 1. HP: 10/10 MP: 6/6
   114 | D:1      | Reached skill level 4 in Spellcasting
   114 | D:1      | Reached XP level 2. HP: 14/15 MP: 1/9
   226 | D:1      | Learned a level 2 spell: Scorch
   665 | D:1      | Found a faded altar of an unknown god.
   787 | D:2      | Reached XP level 3. HP: 16/19 MP: 11/11
   791 | D:2      | Reached skill level 5 in Spellcasting
  1389 | D:2      | Reached XP level 4. HP: 24/24 MP: 10/13
  2156 | D:3      | Reached XP level 5. HP: 28/28 MP: 9/14
  2173 | D:3      | Constricted to death by Sigmund

Illustrated notes

Levels and vault maps discovered:
D:1:      dpeg_arrival_long_road, layout_basic,
          shapermc_ecumenical_altar_mp_urbaneastern
D:2:      layout_loops_corners, serial_undead, serial_undead_f, serial_undead_d,
          serial_undead_d, serial_undead_e, serial_undead_e, serial_undead_b,
          serial_undead_c, minmay_surrounded
D:3:      layout_loops_ring, lemuel_coloured_pillars_altar, minmay_rat_hole,
          uniq_natasha, uniq_sigmund

Skill      XL: |  1  2  3  4 |
---------------+-------------+-----
Spellcasting   | 4 5 |  5.1
Conjurations   | 2 4 |  4.2
Dodging        | |  2.4
Stealth        | |  2.4
Fire Magic     | |  3.2

Action                   |  1- 3 |  4- 6 || total
-------------------------+-------+-------++-------
Melee: Unarmed           |     1 |       ||     1
       Short sword       |     2 |       ||     2
       Dagger            |     7 |     2 ||     9
 Cast: Foxfire           |   106 |    57 ||   163
       Scorch            |     1 |       ||     1
Armor: Robe              |     1 |     1 ||     2
Dodge: Dodged            |    12 |     2 ||    14

Table legend: (Time is in decaauts)
 A = Elapsed time spent in this place.
 B = Non-inter-level travel time spent in this place.
 C = Inter-level travel time spent in this place.
 D = Time resting spent in this place.
 E = Time spent auto-exploring this place.
 F = Levels seen in this place.
 G = Mean time per level.
                   A        B        C        D        E       F      G
               +--------+--------+--------+--------+--------+-----+--------+
         Total |   2172 |   2121 |     51 |     97 |   1650 |   3 |  724.0 |
       Dungeon |   2172 |   2121 |     51 |     97 |   1650 |   3 |  724.0 |
               +--------+--------+--------+--------+--------+-----+--------+

Top non-repeatable levels by time:
     D:2: 1199 daAuts
     D:1: 779 daAuts
     D:3: 193 daAuts
